 Dungeon Crawl Stone Soup version 0.25-a0-713-g4845790874 (webtiles) character file.

Game seed: 13348397639733315727, levelgen mode: deterministic

201898 wvc the Spear-Bearer (level 19, -6/146 HPs)
             Began as a Gnoll Wanderer on Mar 16, 2020.
             Was the Champion of Cheibriados.
             Killed from afar by a deep elf knight (19 damage)
             ... with a shard of ice
             ... on level 1 of the Elven Halls on Apr 5, 2020.
             The game lasted 01:48:17 (32571 turns).

wvc the Spear-Bearer (Gnoll Wanderer)              Turns: 32571, Time: 01:48:17

Health: -6/146     AC: 20    Str: 32    XL:     19   Next: 0%
Magic:  17/34      EV: 25    Int: 46    God:    Cheibriados [******]
Gold:   1286       SH:  0    Dex: 29    Spells: 6/41 levels left

rFire    . . .     SeeInvis .   X - +10 glaive of Zaled {flame, rPois}
rCold    . . .     Gourm    .   (shield currently unavailable)
rNeg     + + +     Faith    .   A - +5 ring mail "Uplidgh" {Str+3}
rPois    +         Spirit   .   I - +2 helmet
rElec    .         Reflect  .   l - scarf {cloud immunity}
rCorr    .         Harm     .   (no gloves)
MR       +++..                  m - +2 pair of boots
Stlth    ++++++....             K - amulet "Woesatoxiu" {Acrobat rN+++ Str-3 Int+4}
HPRegen  0.34/turn              F - ring of the Octopus King {AC+1 EV+1 Str+1 Int+1 Dex+1 Stlth+}
MPRegen  0.24/turn              b - ring of the Mage {Wiz MR++ Int+3}

@: about to teleport, studying Polearms, very slow
A: distributed training, fangs 1, strong nose
a: Bend Time, Temporal Distortion, Slouch, Step From Time, Renounce Religion


You were on level 1 of the Elven Halls.
You worshipped Cheibriados.
Cheibriados was exalted by your worship.
You were hungry.

You visited 5 branches of the dungeon, and saw 25 of its levels.
You also visited: Bailey, Ice Cave and Volcano.

You collected 3368 gold pieces.
You spent 2082 gold pieces at shops.

Inventory:

Hand Weapons
 x - the +4 dagger "Morg" {pain, MR+ Int+5}
   (You found it on level 14 of the Dungeon)

   In the hands of one skilled in necromantic magic, it inflicts extra damage on
   living creatures.
   It affects your intelligence (+5).
   It affects your resistance to hostile enchantments.
 X - the +10 glaive of Zaled (weapon) {flame, rPois}
   (You took it off a deep elf knight on level 12 of the Dungeon)

   It has been specially enchanted to burn those struck by it, causing extra
   injury to most foes and up to half again as much damage against particularly
   susceptible opponents.
   Big, fiery blades are also staple armaments of hydra-hunters.
   It protects you from poison.
Missiles
 k - 2 silver javelins (quivered)
 p - 49 poisoned darts
 z - 234 bolts
Armour
 l - a scarf of cloud immunity (worn)
 m - a +2 pair of boots (worn)
 o - a scarf of repulsion
 A - the +5 ring mail "Uplidgh" (worn) {Str+3}
   (You found it on level 12 of the Dungeon)

   It affects your strength (+3).
 G - a +3 troll leather armour
 I - a +2 helmet (worn)
 O - a +2 buckler of protection
Jewellery
 b - the ring of the Mage (right hand) {Wiz MR++ Int+3}
   (You found it in a bailey)

   [ring of wizardry]

   It improves your spell success rate.
   It affects your intelligence (+3).
   It affects your resistance to hostile enchantments.
 e - an uncursed ring of flight
 g - an uncursed ring of protection from cold
 n - the ring "Sitruit" {Fire MR+ Int+2 Dex+2}
   (You found it on level 12 of the Dungeon)

   [ring of fire]

   It enhances your fire magic.
   It affects your intelligence (+2).
   It affects your dexterity (+2).
   It protects you from fire.
   It makes you vulnerable to cold.
   It affects your resistance to hostile enchantments.
 F - a ring of the Octopus King (left hand) {AC+1 EV+1 Str+1 Int+1 Dex+1 Stlth+}
   (You found it on level 2 of the Lair of Beasts)

   [ring of stealth]

   It affects your AC (+1).
   It affects your evasion (+1).
   It affects your strength (+1).
   It affects your intelligence (+1).
   It affects your dexterity (+1).
   It makes you more stealthy.
 K - the amulet "Woesatoxiu" (around neck) {Acrobat rN+++ Str-3 Int+4}
   (You bought it in a shop on level 7 of the Dungeon)

   [amulet of the acrobat]

   It helps you evade while moving and waiting.
   It affects your strength (-3).
   It affects your intelligence (+4).
   It renders you almost immune to negative energy.
 Z - a +6 ring of protection
Wands
 j - a wand of scattershot (11)
 v - a wand of enslavement (13)
 B - a wand of polymorph (13)
 C - a wand of digging (6)
 H - a wand of flame (46)
 V - a wand of acid (4)
 Y - a wand of disintegration (12)
Scrolls
 d - 5 scrolls of teleportation
 i - 11 scrolls of blinking
 r - 11 scrolls of remove curse
 w - 4 scrolls of amnesia
 y - 5 scrolls of immolation
 D - a scroll of magic mapping
 L - 3 scrolls of enchant weapon
 P - 3 scrolls of fear
 T - a scroll of noise
 W - 2 scrolls of identify
Potions
 c - 12 potions of curing
 h - 4 potions of heal wounds
 q - 10 potions of brilliance
 s - 5 potions of invisibility
 t - 2 potions of lignification
 E - 4 potions of cancellation
 N - 3 potions of might
 R - 2 potions of magic
 S - a potion of ambrosia
 U - a potion of stabbing
Books
 M - a manual of Polearms
Comestibles
 a - 4 chunks of flesh
 f - 28 rations


   Skills:
 + Level 11.8 Fighting
 + Level 11.5 Short Blades
 + Level 11.5 Long Blades
 + Level 11.5 Axes
 + Level 11.5 Maces & Flails
 + Level 12.9 Polearms
 + Level 11.5 Staves
 + Level 11.5 Slings
 + Level 11.5 Bows
 + Level 12.3 Crossbows
 + Level 11.5 Throwing
 + Level 12.3 Armour
 + Level 11.5 Dodging
 + Level 11.7 Stealth
 + Level 11.8 Shields
 + Level 11.5 Unarmed Combat
 + Level 11.5 Spellcasting
 + Level 10.1 Conjurations
 + Level 9.8 Hexes
 + Level 9.8 Charms
 + Level 10.5 Summonings
 + Level 9.8 Necromancy
 + Level 9.8 Translocations
 + Level 9.8 Transmutations
 + Level 9.8 Fire Magic
 + Level 9.8 Ice Magic
 + Level 9.8 Air Magic
 + Level 9.8 Earth Magic
 + Level 9.8 Poison Magic
 + Level 12.4 Invocations
 + Level 11.5 Evocations


You had 6 spell levels left.
You knew the following spells:

 Your Spells              Type           Power        Failure   Level  Hunger
a - Apportation           Tloc           ######       0%          1    None
b - Blink                 Tloc           N/A          1%          2    None
c - Conjure Flame         Conj/Fire      #######.     1%          3    None
d - Mephitic Cloud        Conj/Pois/Air  #######.     1%          3    None
e - Agony                 Necr           #######.     1%          5    None
f - Metabolic Englaciati  Hex/Ice        #######...   1%          5    None
g - Animate Dead          Necr           N/A          1%          4    None
h - Borgnjor's Vile Clut  Necr/Erth      #######...   1%          5    None
i - Orb of Destruction    Conj           #######...   7%          7    ####...

Your spell library contained the following spells:

 Spells                   Type           Power        Failure   Level  Hunger
 Animate Skeleton         Necr           N/A          0%          1    None
 Corona                   Hex            #######      0%          1    None
 Foxfire                  Conj/Fire      ####         0%          1    None
 Magic Dart               Conj           ####         0%          1    None
 Pain                     Necr           ####         0%          1    None
 Shock                    Conj/Air       ####         0%          1    None
 Summon Butterflies       Summ           #######.     0%          1    None
 Summon Small Mammal      Summ           ####         0%          1    None
 Call Imp                 Summ           #######.     1%          2    None
 Poisonous Vapours        Pois/Air       ######       1%          2    None
 Slow                     Hex            #######.     1%          2    None
 Sublimation of Blood     Necr           #######...   1%          2    None
 Call Canine Familiar     Summ           #######.     1%          3    None
 Confusing Touch          Hex            #######.     1%          3    None
 Gell's Gravitas          Tloc           #######...   1%          3    None
 Inner Flame              Hex/Fire       #######.     1%          3    None
 Recall                   Summ/Tloc      N/A          1%          3    None
 Static Discharge         Conj/Air       #######.     1%          3    None
 Vampiric Draining        Necr           #######...   1%          3    None
 Ice Form                 Ice/Tmut       #######.     1%          4    None
 Petrify                  Tmut/Erth      #######.     1%          4    None
 Sticky Flame             Conj/Fire      #######.     1%          4    None
 Summon Ice Beast         Ice/Summ       #######.     1%          4    None
 Bolt of Magma            Conj/Fire/Erth #######...   1%          5    None
 Excruciating Wounds      Chrm/Necr      #######...   1%          5    None
 Fireball                 Conj/Fire      #######...   1%          5    None
 Iskenderun's Battlesphe  Conj/Chrm      #######.     1%          5    None
 Summon Mana Viper        Hex/Summ       #######.     1%          5    None
 Yara's Violent Unravell  Hex/Tmut       #######...   1%          5    None
 Death Channel            Necr           #######...   1%          6    #......
 Freezing Cloud           Conj/Ice/Air   #######...   1%          6    #......
 Iron Shot                Conj/Erth      #######...   1%          6    #......
 Ozocubu's Refrigeration  Ice            #######...   1%          6    #......
 Simulacrum               Ice/Necr       #######...   1%          6    #......
 Spellforged Servitor     Conj/Summ      #######...   6%          7    ####...
 Summon Hydra             Summ           #######...   6%          7    ####...
 Ring of Flames           Chrm/Fire      #######...   8%          7    ####...


Dungeon Overview and Level Annotations

Branches:
Dungeon (15/15)            Temple (0/1) D:6            Lair (6/6) D:9
 Shoals (0/4) Lair:4        Snake (1/4) Lair:2        Slime (0/5) Lair:5
    Orc (2/2) D:12            Elf (1/3) Orc:2        Vaults (0/5) D:13
 Depths (0/5) D:15         Bailey (visited)           IceCv (visited)
Volcano (visited)

Altars:
Ashenzari
Cheibriados
Elyvilon
Fedhas
Gozag
Hepliaklqana
Nemelex Xobeh
Qazlal
Ru
Uskayaw
Vehumet
Wu Jian
Xom
Yredelemnul
Zin

Shops:
D:7 [=%   D:12 %   D:14 ==[*:   D:15 *   Orc:2 :*[(

Portals:
Abyss: Lair:2

Annotations:
D:3 1 runed translucent door
Lair:2 2 transporters, kae's ghost, journeyman DrTm
Elf:1 6 runed translucent doors


Innate Abilities, Weirdness & Mutations

Your experience applies equally to all skills.
You have very sharp teeth.
Your uncanny sense of smell can sniff out nearby items.


Message History

The deep elf knight seems to speed up.
The deep elf knight casts a spell.
The deep elf knight flickers and vanishes!
Deactivating autopickup; reactivate with Ctrl-A.
You slice the +1 mace of protection!! You burn the +1 mace of protection.
The +1 mace of protection falls from the air.
Cheibriados thoroughly appreciates the change of pace.
You have reached level 19!
The deep elf knight unwields a +0 short sword of venom.
It stops dripping with poison.
The deep elf knight wields a +0 shortbow.
The deep elf knight shoots an arrow.
The arrow completely misses you.
You hear a twanging sound.
An arrow appears from out of thin air!
The arrow hits you!
* * * LOW HITPOINT WARNING * * *
As you read the scroll of teleportation, it crumbles to dust.
You feel strangely unstable.
The deep elf knight casts a spell at you.
The shard of ice hits you!!
You die...

.....e.
#+++#.. +++
#'....e'# #.
#.DD#88# .D
#.###.###.##'#
######## # #.#
#'...# ∆ '#
##.....#+ .##
#.......## ..#
..{......# ..+
.........# ..#
....ee)@(# .##
#.......## '#
#'.....## #.#
#.##...#
#.#####.# ####
#'...'#
#.....#
#.....+
#.[...#


You could see a deep elf archer and a deep elf knight.

Vanquished Creatures
  2 orc warlords
  Louise (Elf:1)
  A white draconian (IceCv)
  A dire elephant (Lair:6)
  An ettin (shapeshifter) (D:14)
  A fire dragon (D:15)
  Fannar (Lair:1)
  7 hydras
  2 deep elf high priests (Elf:1)
  3 vault guards (D:13)
  An anaconda (Lair:2)
  A death knight (D:12)
  A catoblepas (Lair:6)
  4 dancing weapons (Elf:1)
  A deep troll shaman (Lair:6)
  3 centaur warriors
  9 death yaks
  11 two-headed ogres
  2 tengu warriors
  2 ogre magi
  An orc high priest (Orc:2)
  Urug (Lair:4)
  2 shock serpents (Lair:2)
  5 deep elf knights
  2 salamander mystics
  A hell knight (Volcano)
  A naga ritualist (Lair:2)
  4 unseen horrors
  2 deep elf archers (Elf:1)
  5 wizards
  7 orc knights
  A necromancer (D:15)
  Pikel (D:6)
  3 ugly things
  8 orc sorcerers
  A wolf spider zombie (D:12)
  2 mana vipers (Lair:2)
  5 cyclopes
  18 deep elf magi
  2 manticores
  4 salamanders (Volcano)
  4 black mambas
  14 elephants
  2 centaur zombies
  A naga mage (D:15)
  A merfolk siren (Lair:4)
  An ice statue (IceCv)
  2 molten gargoyles (Volcano)
  13 spiny frogs
  9 rime drakes
  A freezing wraith (D:14)
  An efreet (D:14)
  4 yaktaurs
  9 komodo dragons
  2 ice devils (D:15)
  2 tengu conjurers
  A merfolk (D:10)
  2 queen bees
  2 hornets
  13 polar bears
  12 trolls
  13 dream sheep
  6 hippogriffs
  32 blink frogs
  11 slime creatures
  4 water elementals
  A centaur simulacrum (D:15)
  A shadow (D:15)
  A vampire (D:11)
  2 fire bats (Volcano)
  15 humans (D:13)
  4 wraiths
  A basilisk (shapeshifter) (D:14)
  A golden eye (shapeshifter) (D:14)
  7 wyverns
  59 yaks
  12 steam dragons
  9 basilisks
  5 hungry ghosts
  8 wargs
  8 vampire mosquitoes
  2 acid dragons
  9 water moccasins
  4 nagas (Lair:2)
  A floating eye (D:10)
  A hornet zombie (D:14)
  6 black bears
  8 porcupines
  2 phantoms
  7 sky beasts
  2 ice beasts
  29 orc warriors
  2 necrophages (D:9)
  21 wolves
  11 ogres
  12 centaurs
  8 crocodiles
  A big kobold (D:7)
  20 bullfrogs
  A gnoll sergeant (D:7)
  2 earth elementals (Elf:1)
  A wyvern skeleton (D:10)
  2 scorpions
  49 killer bees
  16 wights
  2 howler monkeys
  4 electric eels (D:15)
  3 lava snakes (Volcano)
  A bullfrog zombie (D:7)
  7 crimson imps
  A quasit (D:11)
  5 hounds
  14 orc priests
  2 jellies
  4 human zombies (D:9)
  A human skeleton (D:9)
  8 centaur skeletons
  15 orc wizards
  3 iguanas
  A bullfrog skeleton (D:12)
  7 worker ants
  A hell rat (Lair:3)
  3 hound zombies
  A hound skeleton (D:8)
  A mummy (D:9)
  2 worker ant zombies
  10 gnolls
  11 adders
  4 shadow imps
  4 oozes (Lair:5)
  An adder skeleton (D:5)
  A worm (D:2)
  2 dart slugs (D:2)
  9 leopard geckos
  64 orcs
  A ball python (D:1)
  5 giant cockroaches
  8 goblins
  14 hobgoblins
  15 jackals
  25 kobolds
  2 quokkas
  7 bats
  7 frilled lizards
  A jackal skeleton (D:4)
  2 leopard gecko zombies
  2 orc zombies (D:9)
  A quokka skeleton (D:4)
  4 rats
930 creatures vanquished.

Vanquished Creatures (collateral kills)
  A hydra (Lair:6)
  A wizard (D:13)
  A torpor snail (Lair:6)
  A centaur skeleton (D:15)
  A polar bear (IceCv)
  A blink frog (Lair:6)
  2 dream sheep (Lair:6)
  9 yaks
  A tarantella (shapeshifter) (D:12)
  2 humans (D:13)
  A water moccasin (Lair:6)
  2 killer bees (D:10)
  An electric eel (D:15)
  An orc priest (Orc:1)
  An orc (Orc:1)
  9 fungi
  2 plants (Lair:6)
37 creatures vanquished.

Vanquished Creatures (others)
  4 dream sheep (Lair:5)
  A slave (D:6)
  A wolf (IceCv)
  A hound (D:6)
  44 fungi
  25 plants
76 creatures vanquished.

Grand Total: 1043 creatures vanquished

Notes
Turn   | Place    | Note
-------+----------+-------------------------------------------
     0 | D:1      | wvc the Gnoll Wanderer began the quest for the Orb.
     0 | D:1      | wvc set off with the following items: a +0 club, a +0 ring
                  | mail, a potion of curing, a ration; and the following spell
                  | memorised: Magic Dart; and the following spells available
                  | to memorise: Call Imp, Blink, Slow, Conjure Flame, Mephitic
                  | Cloud
     0 | D:1      | Reached XP level 1. HP: 17/17 MP: 1/1
    12 | D:1      | Upgraded the game from 0.25-a0-610-gd0df705f03 to
                  | 0.25-a0-713-g4845790874
   105 | D:1      | Reached XP level 2. HP: 19/23 MP: 2/2
   122 | D:1      | Found a sparkling altar of Nemelex Xobeh.
   289 | D:1      | Reached XP level 3. HP: 22/28 MP: 3/3
   510 | D:2      | Found a sparkling altar of Nemelex Xobeh.
   620 | D:2      | Found a snail-covered altar of Cheibriados.
   628 | D:2      | Became a worshipper of Cheibriados the Contemplative
   631 | D:2      | Reached skill level 1 in Invocations
   744 | D:2      | Reached skill level 1 in Short Blades
   744 | D:2      | Reached skill level 1 in Long Blades
   744 | D:2      | Reached skill level 1 in Axes
   744 | D:2      | Reached skill level 1 in Maces & Flails
   744 | D:2      | Reached skill level 1 in Polearms
   744 | D:2      | Reached skill level 1 in Staves
   744 | D:2      | Reached skill level 1 in Slings
   744 | D:2      | Reached skill level 1 in Bows
   744 | D:2      | Reached skill level 1 in Throwing
   744 | D:2      | Reached skill level 1 in Dodging
   744 | D:2      | Reached skill level 1 in Unarmed Combat
   744 | D:2      | Reached skill level 1 in Spellcasting
   744 | D:2      | Reached skill level 1 in Evocations
   752 | D:2      | Found a faded altar of an unknown god.
   868 | D:2      | Reached XP level 4. HP: 28/34 MP: 5/5
   949 | D:2      | Found a hide-covered altar of Uskayaw.
  1457 | D:3      | Reached skill level 1 in Hexes
  1457 | D:3      | Reached skill level 1 in Charms
  1457 | D:3      | Reached skill level 1 in Necromancy
  1457 | D:3      | Reached skill level 1 in Translocations
  1457 | D:3      | Reached skill level 1 in Transmutations
  1457 | D:3      | Reached skill level 1 in Fire Magic
  1457 | D:3      | Reached skill level 1 in Ice Magic
  1457 | D:3      | Reached skill level 1 in Air Magic
  1457 | D:3      | Reached skill level 1 in Earth Magic
  1457 | D:3      | Reached skill level 1 in Poison Magic
  1500 | D:3      | Reached * piety under Cheibriados
  1784 | D:3      | Found a white marble altar of Elyvilon.
  1784 | D:3      | Noticed an angel
  1785 | D:3      | Found a runed translucent door.
  2007 | D:4      | Noticed an ogre
  2015 | D:4      | Killed an ogre
  2015 | D:4      | Reached XP level 5. HP: 7/41 MP: 5/7
  2250 | D:4      | Reached XP level 6. HP: 43/47 MP: 8/8
  2408 | D:4      | Reached skill level 5 in Crossbows
  2408 | D:4      | Reached skill level 5 in Armour
  2634 | D:4      | Reached ** piety under Cheibriados
  2674 | D:4      | Reached XP level 7. HP: 49/52 MP: 10/10
  3052 | D:4      | Learned a level 1 spell: Apportation
  3055 | D:4      | Learned a level 2 spell: Blink
  3059 | D:4      | Learned a level 3 spell: Conjure Flame
  3063 | D:4      | Learned a level 3 spell: Mephitic Cloud
  3195 | D:5      | Entered Level 5 of the Dungeon
  3856 | D:5      | Identified a scroll of acquirement
  3856 | D:5      | Identified the +2 hat of Immorality {Dex+3} (You acquired
                  | it on level 5 of the Dungeon)
  4003 | D:5      | Reached XP level 8. HP: 55/60 MP: 12/12
  4531 | D:6      | Found a sacrificial altar of Ru.
  4533 | D:6      | Found a shattered altar of Ashenzari.
  4543 | D:6      | Found a white marble altar of Elyvilon.
  4546 | D:6      | Reached *** piety under Cheibriados
  4616 | D:6      | Noticed Pikel
  4630 | D:6      | Killed Pikel
  4888 | D:6      | Reached XP level 9. HP: 60/66 MP: 14/14
  4911 | D:6      | Found a staircase to the Ecumenical Temple.
  4941 | D:6      | Reached skill level 5 in Summonings
  5695 | D:7      | Found Oklis's Jewellery Emporium.
  5767 | D:7      | Reached skill level 5 in Fighting
  5767 | D:7      | Reached skill level 5 in Shields
  5968 | D:7      | Reached skill level 5 in Stealth
  6232 | D:7      | Reached **** piety under Cheibriados
  6307 | D:7      | Found Qutsed's Assorted Antiques.
  6412 | D:7      | Found Zogietil's Antique Armour Shoppe.
  6420 | D:7      | Bought an embroidered scarf for 272 gold pieces
  6469 | D:7      | Reached skill level 5 in Invocations
  6612 | D:7      | Found a stormy altar of Qazlal.
  6621 | D:7      | Reached XP level 10. HP: 72/74 MP: 17/17
  6690 | D:7      | Found Qousuuwk's Food Shop.
  7052 | D:8      | Found an ornate altar of the Wu Jian Council.
  7083 | D:8      | Found a radiant altar of Vehumet.
  7086 | D:8      | Found a blossoming altar of Fedhas.
  7154 | D:8      | Reached ***** piety under Cheibriados
  7589 | D:9      | Found a glowing silver altar of Zin.
  7631 | D:9      | Found a basalt altar of Yredelemnul.
  7692 | D:9      | Reached skill level 5 in Short Blades
  7692 | D:9      | Reached skill level 5 in Long Blades
  7692 | D:9      | Reached skill level 5 in Axes
  7692 | D:9      | Reached skill level 5 in Maces & Flails
  7692 | D:9      | Reached skill level 5 in Polearms
  7692 | D:9      | Reached skill level 5 in Staves
  7692 | D:9      | Reached skill level 5 in Slings
  7692 | D:9      | Reached skill level 5 in Bows
  7692 | D:9      | Reached skill level 5 in Throwing
  7692 | D:9      | Reached skill level 5 in Dodging
  7692 | D:9      | Reached skill level 5 in Unarmed Combat
  7692 | D:9      | Reached skill level 5 in Spellcasting
  7692 | D:9      | Reached skill level 5 in Evocations
  8021 | D:9      | Found a staircase to the Lair.
  8178 | D:9      | Found a glowing silver altar of Zin.
  8213 | D:9      | Found an opulent altar of Gozag.
  8521 | D:9      | Reached skill level 5 in Conjurations
  8924 | D:10     | Entered Level 10 of the Dungeon
  9299 | D:10     | Noticed a two-headed ogre
  9299 | D:10     | Noticed a two-headed ogre
  9311 | D:10     | Killed a two-headed ogre
  9312 | D:10     | Paralysed by a floating eye for 4 turns
  9317 | D:10     | Reached XP level 11. HP: 38/81 MP: 19/19
  9509 | Lair:1   | Entered Level 1 of the Lair of Beasts
  9920 | Lair:1   | You fall into a shaft and drop 1 floor!
  9927 | Lair:2   | Reached skill level 5 in Hexes
  9927 | Lair:2   | Reached skill level 5 in Charms
  9927 | Lair:2   | Reached skill level 5 in Necromancy
  9927 | Lair:2   | Reached skill level 5 in Translocations
  9927 | Lair:2   | Reached skill level 5 in Transmutations
  9927 | Lair:2   | Reached skill level 5 in Fire Magic
  9927 | Lair:2   | Reached skill level 5 in Ice Magic
  9927 | Lair:2   | Reached skill level 5 in Air Magic
  9927 | Lair:2   | Reached skill level 5 in Earth Magic
  9927 | Lair:2   | Reached skill level 5 in Poison Magic
  9933 | Lair:2   | HP: 4/82 [water moccasin (8)]
 10266 | Lair:2   | Found a transporter.
 10284 | Lair:2   | Found a one-way gate to the infinite horrors of the Abyss.
 10284 | Lair:2   | Noticed kae's ghost (journeyman DrTm)
 10285 | Lair:2   | Noticed a purple ugly thing
 10295 | Lair:2   | Found a transporter.
 10903 | Lair:2   | Reached ****** piety under Cheibriados
 11015 | Lair:1   | Noticed Fannar
 11035 | Lair:1   | Killed Fannar
 12151 | D:7      | Bought a glowing buckler for 255 gold pieces
 12465 | Lair:2   | Reached XP level 12. HP: 91/91 MP: 22/22
 12472 | Lair:2   | Learned a level 5 spell: Agony
 12478 | Lair:2   | Learned a level 5 spell: Metabolic Englaciation
 12487 | Lair:2   | meem: I'm meem, an infobot run by MalcolmRoseGaming: Type
                  | !submeem to keep me in your games; !nomeem to shut me up
                  | forever; !meem for help; !whymeem if you want to know why
                  | meem exists. Visit http://youtube.com/malcolmrosegaming for
                  | more DCSS content.
 12981 | Lair:2   | Found a staircase to the Snake Pit.
 13324 | Lair:2   | Found the ring of the Octopus King
 13328 | Lair:2   | Got a ring of the Octopus King
 13341 | Lair:2   | Identified a ring of the Octopus King {AC+1 EV+1 Str+1
                  | Int+1 Dex+1 Stlth+} (You found it on level 2 of the Lair of
                  | Beasts)
 13636 | Lair:3   | Noticed an eight-headed hydra
 13646 | Lair:3   | Killed an eight-headed hydra
 13918 | Lair:3   | Found a sparkling altar of Nemelex Xobeh.
 14668 | Lair:3   | Reached XP level 13. HP: 54/98 MP: 15/24
 15086 | Lair:4   | Found a dark tunnel.
 15108 | Volcano  | Entered a volcano
 15506 | Volcano  | Found a radiant altar of Vehumet.
 16191 | Lair:4   | Found a staircase to the Shoals.
 16327 | Lair:4   | Noticed Urug
 16602 | Lair:4   | Killed Urug
 17514 | Lair:5   | Found a staircase to the Slime Pits.
 17898 | Lair:6   | Entered Level 6 of the Lair of Beasts
 17914 | Lair:6   | Learned a level 4 spell: Animate Dead
 18162 | Lair:6   | Reached XP level 14. HP: 91/108 MP: 26/26
 18726 | Lair:6   | Reached skill level 10 in Crossbows
 18726 | Lair:6   | Reached skill level 10 in Armour
 19081 | Lair:6   | HP: 5/108 [death yak (19)]
 19663 | Lair:6   | Reached skill level 10 in Invocations
 20503 | Lair:6   | Noticed a dire elephant
 20522 | Lair:6   | Killed a dire elephant
 20795 | Lair:6   | Identified the Guide on the Ghastly Frostbite
 20804 | Lair:6   | Learned a level 6 spell: Freezing Cloud
 23075 | D:12     | Found Ecoduc's Food Shop.
 23085 | D:12     | Found a hazy altar of Hepliaklqana.
 23126 | D:12     | Found a sacrificial altar of Ru.
 23153 | D:12     | Got a polished ring mail
 23154 | D:12     | Identified the +5 ring mail "Uplidgh" {Str+3} (You found it
                  | on level 12 of the Dungeon)
 23192 | D:12     | Reached XP level 15. HP: 103/115 MP: 24/28
 23211 | D:12     | Paralysed by a hornet for 1 turns
 23252 | D:12     | Reached skill level 10 in Fighting
 23252 | D:12     | Reached skill level 10 in Shields
 23339 | D:12     | Paralysed by a wizard for 6 turns
 23503 | D:12     | Found a staircase to the Orcish Mines.
 23571 | D:12     | Reached skill level 10 in Stealth
 23691 | D:12     | Identified the +10 glaive of Zaled {flame, rPois}
 23707 | D:12     | Identified the Incunabulum of Dark Arts and Feathers
 23712 | D:12     | Got a coiled amber ring
 24320 | D:12     | Identified the ring "Sitruit" {Fire MR+ Int+2 Dex+2} (You
                  | found it on level 12 of the Dungeon)
 24338 | Orc:1    | Entered Level 1 of the Orcish Mines
 24426 | Orc:1    | Reached skill level 10 in Polearms
 24600 | Orc:1    | You fall into a shaft and drop 1 floor!
 24600 | Orc:2    | Entered Level 2 of the Orcish Mines
 24627 | Orc:2    | Reached skill level 10 in Short Blades
 24627 | Orc:2    | Reached skill level 10 in Long Blades
 24627 | Orc:2    | Reached skill level 10 in Axes
 24627 | Orc:2    | Reached skill level 10 in Maces & Flails
 24627 | Orc:2    | Reached skill level 10 in Staves
 24627 | Orc:2    | Reached skill level 10 in Slings
 24627 | Orc:2    | Reached skill level 10 in Bows
 24627 | Orc:2    | Reached skill level 10 in Throwing
 24627 | Orc:2    | Reached skill level 10 in Dodging
 24627 | Orc:2    | Reached skill level 10 in Unarmed Combat
 24627 | Orc:2    | Reached skill level 10 in Spellcasting
 24627 | Orc:2    | Reached skill level 10 in Evocations
 24656 | Orc:2    | Found Loagef's General Store.
 24661 | Orc:2    | Found Toap's Book Shoppe.
 24773 | Orc:2    | Bought a scroll of identify for 26 gold pieces
 24876 | Orc:2    | Found Fuddum's Antique Weapon Shop.
 25079 | Orc:2    | Found Mytaucal's Antique Armour Emporium.
 25087 | Orc:2    | Bought an embroidered scarf for 240 gold pieces
 25110 | Orc:2    | Found a staircase to the Elven Halls.
 25266 | Orc:2    | Noticed an orc warlord
 25288 | Orc:2    | Killed an orc warlord
 25997 | Snake:1  | Entered Level 1 of the Snake Pit
 25997 | Snake:1  | Noticed a nagaraja
 26005 | Lair:2   | HP: 1/117 [something (19)]
 26821 | D:13     | Found a flagged portal.
 26829 | Bailey   | Entered a bailey
 26834 | Bailey   | Noticed an orc warlord
 26835 | Bailey   | Found the ring of the Mage {Wiz MR++ Int+3}
 26888 | Bailey   | Found a runed translucent gate.
 26889 | Bailey   | Found a runed translucent gate.
 26890 | Bailey   | Found a runed translucent gate.
 27106 | Bailey   | Killed an orc warlord
 27147 | Bailey   | Reached XP level 16. HP: 124/124 MP: 30/30
 27148 | Bailey   | Reached XP level 17. HP: 130/130 MP: 31/31
 27457 | D:13     | Reached XP level 18. HP: 134/138 MP: 32/32
 27509 | D:13     | Found a gate to the Vaults.
 27877 | D:7      | Bought the amulet "Woesatoxiu" {Acrobat rN+++ Str-3 Int+4}
                  | for 721 gold pieces
 28037 | D:12     | Learned a level 7 spell: Orb of Destruction
 28465 | Lair:2   | Reached skill level 10 in Summonings
 29214 | D:14     | Found Jacaaxt's Jewellery Emporium.
 29221 | D:14     | Found Hayr's Jewellery Boutique.
 29613 | D:14     | Found Letza's Book Shop.
 29672 | D:14     | Found Citraula's General Store.
 29675 | D:14     | Bought a scroll of blinking for 97 gold pieces
 29675 | D:14     | Bought a scroll of teleportation for 39 gold pieces
 29694 | D:14     | Found Redd's Antique Armour Shop.
 29735 | D:14     | Found the +4 dagger "Morg" {pain, MR+ Int+5}
 30043 | D:15     | Entered Level 15 of the Dungeon
 30091 | D:15     | Found a shimmering altar of Xom.
 30228 | D:15     | Found a frozen archway.
 30281 | IceCv    | Entered an ice cave
 30878 | D:15     | Found Syuklami's Assorted Antiques.
 31206 | D:15     | Bought a scroll of teleportation for 108 gold pieces
 31206 | D:15     | Bought 2 potions of curing for 216 gold pieces
 31206 | D:15     | Bought a potion of curing for 108 gold pieces
 31273 | D:15     | Learned a level 5 spell: Borgnjor's Vile Clutch
 31510 | D:15     | Got a bloodstained robe
 31511 | D:15     | Identified the cursed +0 robe of Ciwel {rC++ rN+ Str-5}
                  | (You found it on level 15 of the Dungeon)
 31523 | D:15     | Found a staircase to the Depths.
 32014 | Elf:1    | Entered Level 1 of the Elven Halls
 32322 | Elf:1    | Noticed Louise
 32329 | Elf:1    | Killed Louise
 32363 | Elf:1    | Reached skill level 10 in Conjurations
 32563 | Elf:1    | Found a runed translucent gate.
 32563 | Elf:1    | Found a runed translucent gate.
 32563 | Elf:1    | Found a runed translucent gate.
 32563 | Elf:1    | Found a runed translucent gate.
 32563 | Elf:1    | Found a runed translucent gate.
 32563 | Elf:1    | Found a runed translucent gate.
 32570 | Elf:1    | Reached XP level 19. HP: 26/146 MP: 16/34
 32571 | Elf:1    | Killed from afar by a deep elf knight

Levels and vault maps discovered:
D:1:      eino_arrival_water_cross, layout_rooms, nemelex_diamond_rough_becter
D:2:      layout_loops_corners, nemelex_xobeh_ov_fountains_minmay,
          kennysheep_slug_shrine, eat_drink_and_be_merry_uskayaw,
          chequers_ecumenical_altar_twisty
D:3:      layout_rooms, lemuel_angel_altar
D:4:      layout_basic, first_ration, gup_sewer_entry_pipe
D:5:      layout_rooms, nicolae_sextant, st_stairs_5,
          chequers_serial_rivers_marsh
D:6:      layout_basic, grunt_temple_overflow_open, temple_doors_e, uniq_pikel
D:7:      layout_cave_pods, nicolae_qazlal_style_of_elements, serial_shops,
          shop, shop, shop_fountains, nicolae_shop_overgrown_old_shop
D:8:      layout_rooms, minitemple, serial_glass, glass_columns_a,
          glass_columns_b
D:9:      layout_basic, lemuel_round_altar, lemuel_mausoleum_altar_yredelemnul,
          old_standard_altar, lair_entry_dummy, basic_altar,
          serial_co_window_serial, co_window_corner_a, co_window_paths_a,
          co_window_of_opportunity_a, co_window_paths_a, co_window_corner_a,
          co_window_of_opportunity_a, co_window_paths_b, co_window_paths_b,
          co_window_paths_a, co_window_of_opportunity_b, co_window_broadway_c,
          co_window_corner_b, co_window_unsneaky_path_d, co_window_corner_b,
          co_window_corner_b, co_window_of_opportunity_c, glass_columns_c,
          glass_columns_a
D:10:     layout_basic, special_room [special_room_bee], hangedman_fish_farm,
          grunt_decor_cap, onia_ninara_cookie
D:11:     layout_grid_maze, grunt_tough_drop
D:12:     minmay_the_grid_octo_tiled_octocenter [minmay_the_grid_octo_pinwheel,
          minmay_the_grid_octo_focus, minmay_the_grid_octo_clover,
          minmay_the_grid_octo_vomiting_pacman,
          minmay_the_grid_octo_prize_single_spiral,
          minmay_the_grid_square_5x5_doubleslash,
          minmay_the_grid_square_5x5_fat_x,
          minmay_the_grid_square_5x5_eight_small,
          minmay_the_grid_square_5x5_minivault], layout_cave_pools,
          minmay_orc_entry_guard_dogs, basic_altar, serial_shops,
          nicolae_shop_waterfront
D:13:     layout_roguey, grunt_vaults_entry_tiered, enter_bailey_2,
          grunt_ministairs_8
D:14:     minmay_cut_squares, layout_irregular_city, minmay_misc_feat_roman,
          serial_shops, shop_fountains, shop_fountains, shop_fountains,
          kennysheep_mini, nicolae_shop_statue_plus
D:15:     grunt_enter_depths_magical_seal, layout_basic, basic_altar,
          serial_shops, shop, portal_ice_cave_demonic_guard,
          minmay_misc_feat_enclosed
Lair:1:   layout_concentric_octagons, uniq_fannar
Lair:2:   layout_regular_city, minmay_snake_entry_guardpost_small,
          gammafunk_ghost_abyssal_escape, bobbens_dragon_lair_wall
Lair:3:   regret_index_combs_of_tragedy, layout_regular_city, basic_altar,
          serial_bayou_shore_a
Lair:4:   layout_concentric_octagons, minmay_shoals_entry_lonely_mermaid,
          nicolae_volcano_entry_two_sided, st_stairs_10, patterned_corridor,
          uniq_urug
Lair:5:   layout_cave_shapes, nicolae_slime_entry_slimehenge
Lair:6:   grunt_lair_end_beastmaster, layout_long_grid
Snake:1:  layout_gridlike, st_stairs_4, evilmike_ambush
          [evilmike_ambush_outer_basic, evilmike_ambush_inner_pond], uniq_aizul
Orc:1:    layout_caves, serial_shops
Orc:2:    grunt_orc_gardens, layout_diamond_mine, grunt_orc_garden,
          grunt_orc_garden, grunt_orc_garden, grunt_orc_garden, abandoned_shop,
          statue_in_the_mist_lemuel
Elf:1:    layout_geoelf_diagonals, orc_legates, uniq_louise

Skill      XL: |  1  2  3  4  5  6  7  8  9 10 11 12 13 14 15 16 17 18 |
---------------+-------------------------------------------------------+-----
Conjurations   | 2 3 4 5 6 7 8 9 10 | 10.1
Invocations    | 1 2 3 4 5 6 7 8 9 10 11 12 | 12.4
Short Blades   | 1 2 3 4 5 6 7 8 9 10 11 | 11.5
Long Blades    | 1 2 3 4 5 6 7 8 9 10 11 | 11.5
Axes           | 1 2 3 4 5 6 7 8 9 10 11 | 11.5
Maces & Flails | 1 2 3 4 5 6 7 8 9 10 11 | 11.5
Polearms       | 1 2 3 4 5 6 7 8 9 11 12 | 12.9
Staves         | 1 2 3 4 5 6 7 8 9 10 11 | 11.5
Slings         | 1 2 3 4 5 6 7 8 9 10 11 | 11.5
Bows           | 1 2 3 4 5 6 7 8 9 10 11 | 11.5
Throwing       | 1 2 3 4 5 6 7 8 9 10 11 | 11.5
Dodging        | 1 2 3 4 5 6 7 8 9 10 11 | 11.5
Unarmed Combat | 1 2 3 4 5 6 7 8 9 10 11 | 11.5
Spellcasting   | 1 2 3 4 5 6 7 8 9 10 11 | 11.5
Evocations     | 1 2 3 4 5 6 7 8 9 10 11 | 11.5
Hexes          | 1 2 3 4 5 6 7 8 9 |  9.8
Charms         | 1 2 3 4 5 6 7 8 9 |  9.8
Necromancy     | 1 2 3 4 5 6 7 8 9 |  9.8
Translocations | 1 2 3 4 5 6 7 8 9 |  9.8
Transmutations | 1 2 3 4 5 6 7 8 9 |  9.8
Fire Magic     | 1 2 3 4 5 6 7 8 9 |  9.8
Ice Magic      | 1 2 3 4 5 6 7 8 9 |  9.8
Air Magic      | 1 2 3 4 5 6 7 8 9 |  9.8
Earth Magic    | 1 2 3 4 5 6 7 8 9 |  9.8
Poison Magic   | 1 2 3 4 5 6 7 8 9 |  9.8
Fighting       | 3 4 5 6 7 8 9 10 11 | 11.8
Shields        | 3 4 5 6 7 8 9 10 11 | 11.8
Summonings     | 4 5 6 7 8 9 10 | 10.5
Stealth        | 3 4 5 6 7 8 9 10 11 | 11.7
Crossbows      | 5 6 7 8 9 10 11 12 | 12.3
Armour         | 5 6 7 8 9 10 11 12 | 12.3

Action                   |  1- 3 |  4- 6 |  7- 9 | 10-12 | 13-15 | 16-18 | 19-21 || total
-------------------------+-------+-------+-------+-------+-------+-------+-------++-------
Melee: Mace              |   130 |    18 |       |       |       |       |       ||   148
       Bite              |     9 |     7 |    44 |   153 |   151 |   100 |       ||   464
       Flail             |       |    93 |   270 |   532 |    84 |       |       ||   979
       Short sword       |       |    13 |       |       |       |       |       ||    13
       Punch             |       |     1 |     5 |    16 |       |       |       ||    22
       Halberd           |       |       |       |    57 |       |       |       ||    57
       Quarterstaff      |       |       |       |    31 |       |       |       ||    31
       Lajatang          |       |       |       |       |   536 |       |       ||   536
       Glaive            |       |       |       |       |   214 |   477 |       ||   691
       Dagger            |       |       |       |       |       |    80 |       ||    80
Throw: Javelin           |       |       |    14 |    10 |     5 |     9 |       ||    38
       Dart              |       |       |     1 |       |       |       |       ||     1
       Boomerang         |       |       |       |       |    12 |       |       ||    12
       Throwing net      |       |       |       |       |       |     1 |       ||     1
 Cast: Conjure Flame     |       |       |     2 |     3 |       |       |       ||     5
       Mephitic Cloud    |       |       |       |    28 |    40 |    12 |       ||    80
       Metabolic Englaci |       |       |       |     1 |     3 |     1 |       ||     5
       Agony             |       |       |       |     1 |       |       |       ||     1
       Animate Dead      |       |       |       |       |    30 |     8 |       ||    38
       Blink             |       |       |       |       |     3 |       |       ||     3
Invok: Slouch            |       |       |       |     1 |     8 |     4 |       ||    13
 Abil: Stop Flying       |       |       |       |       |     2 |       |       ||     2
       Evoke Flight      |       |       |       |       |     2 |       |       ||     2
  Use: Scroll            |     4 |     7 |     7 |    10 |    27 |    11 |     1 ||    67
       Potion            |       |     1 |     3 |     5 |     3 |     4 |       ||    16
 Stab: Sleeping          |     2 |     1 |     2 |    21 |    22 |    26 |       ||    74
       Distracted        |       |       |     1 |       |     4 |     4 |       ||     9
       Confused          |       |       |       |    20 |    46 |    11 |       ||    77
       Petrified         |       |       |       |       |     3 |       |       ||     3
  Eat: Chunk             |       |     3 |       |     4 |     3 |       |       ||    10
       Ration            |       |     1 |     4 |     3 |     7 |     2 |       ||    17
Armor: Ring mail         |    77 |    79 |     7 |       |    38 |   112 |       ||   313
       Leather armour    |       |       |     4 |       |       |       |       ||     4
       Scale mail        |       |       |    89 |   171 |   147 |       |       ||   407
       Skin              |       |       |    20 |       |       |       |       ||    20
       Troll leather arm |       |       |       |       |    51 |    65 |       ||   116
Dodge: Dodged            |    93 |   118 |   215 |   521 |  1079 |   698 |     1 ||  2725
Block: Buckler           |       |       |       |   175 |    57 |    14 |       ||   246

Table legend:
 A = Non-vault XP
 B = Vault XP
 C = Vault XP percentage of total XP
 D = Non-vault monster count
 E = Vault monster count
 F = Vault count percentage of total count
                 A         B        C        D         E       F
            +---------+---------+-------+---------+---------+-------
      Total |   97462 |  106969 |  52.3 |     564 |     392 |  41.0
            +---------+---------+-------+---------+---------+-------
        D:1 |      39 |       0 |   0.0 |      23 |       0 |   0.0
        D:2 |      83 |       4 |   4.6 |      19 |       1 |   5.0
        D:3 |      35 |       0 |   0.0 |      18 |       0 |   0.0
        D:4 |     542 |      18 |   3.2 |      20 |       7 |  25.9
        D:5 |     616 |       0 |   0.0 |      16 |       0 |   0.0
        D:6 |    1036 |     617 |  37.3 |      22 |       1 |   4.3
        D:7 |    1790 |       0 |   0.0 |      35 |       0 |   0.0
        D:8 |     401 |       0 |   0.0 |      17 |       0 |   0.0
        D:9 |    1774 |     741 |  29.5 |      21 |      12 |  36.4
       D:10 |    1792 |    4839 |  73.0 |      16 |      40 |  71.4
       D:11 |    2937 |     367 |  11.1 |      23 |       1 |   4.2
       D:12 |    4928 |   13326 |  73.0 |      15 |      43 |  74.1
       D:13 |    5567 |    9290 |  62.5 |      24 |      30 |  55.6
       D:14 |    6656 |    5790 |  46.5 |      30 |      10 |  25.0
       D:15 |   10101 |    5423 |  34.9 |      28 |      12 |  30.0
     Lair:1 |    2856 |    1726 |  37.7 |      17 |       4 |  19.0
     Lair:2 |    4134 |   10128 |  71.0 |      14 |      27 |  65.9
     Lair:3 |    6649 |    5155 |  43.7 |      29 |      42 |  59.2
     Lair:4 |    2992 |    1711 |  36.4 |      14 |       3 |  17.6
     Lair:5 |    3120 |      28 |   0.9 |       9 |       4 |  30.8
     Lair:6 |   19588 |    9459 |  32.6 |      75 |      17 |  18.5
    Snake:1 |       0 |     436 | 100.0 |       0 |       1 | 100.0
      Orc:1 |    4432 |       0 |   0.0 |      43 |       0 |   0.0
      Orc:2 |    3351 |    9230 |  73.4 |      15 |      27 |  64.3
      Elf:1 |   12043 |   10300 |  46.1 |      21 |      26 |  55.3
     Bailey |       0 |    2132 | 100.0 |       0 |      27 | 100.0
      IceCv |       0 |   11258 | 100.0 |       0 |      44 | 100.0
    Volcano |       0 |    4991 | 100.0 |       0 |      13 | 100.0
            +---------+---------+-------+---------+---------+-------
